AoeStats
← pickpanth

Coastal

503106170Analyzed
1v1v1v1v1v1v1v1 RM · 1mo ago on Aug 30, 2026· 18m 22s· 8 players
Game mode
Random Map
Map size
Tiny (2 player)
Population
200
Speed
Fast
Resources
Level 5
Victory
Standard
Starting age
Dark Age
Ending age
Dark Age
RankedLock teamsTeams togetherTeam positionsShared explorationLock speedFull tech treeHidden civsTurbo modeCheats

Team 6

Victory
🇩🇪 Huns · Germany
1618
+4

Team 7

Victory
🇳🇿 Athenians · New Zealand
1567
+5

Team 8

Victory
🇪🇸 Portuguese · Spain
1774
+2

Team 9

Victory
🇷🇴 Sicilians · Romania
1734
+2

Team 10

Defeat
🇦🇷 Ethiopians · Argentina
1438
-7

Team 11

Defeat
🇺🇸 Bohemians · United States
1202
-2

Team 12

Defeat
🇮🇹 Georgians · Italy
1331
-4

Team 13

Defeat
🇮🇳 Bengalis · India
1086
-1
The Alien God
Are you ready for xmas?
4:41 #1121
5:39 Chain Mail Armor
5:45 Chain Barding Armor
6:01 Iron Casting
5:22 Bodkin Arrow
8:56 Treadmill Crane
9:37 Ballistics
9:07 Guard Tower
17:09 Arson
16:45 Pikeman
16:46 Long Swordsman
Cristtianc99
17:07 Bloodlines
19:18 Iron Casting
18:58 Chain Mail Armor
19:03 Chain Barding Armor
18:59 Leather Archer Armor
18:39 Bodkin Arrow
19:05 Ballistics
18:25 Treadmill Crane
18:35 Guard Tower
18:56 Careening
18:08 Light Cavalry
18:49 Husbandry
18:11 Elite Skirmisher
18:11 Crossbowman
18:57 Thumb Ring
Eva The Goddess
6:57 First Crusade
6:54 Chain Mail Armor
7:00 Chain Barding Armor
6:36 Bodkin Arrow
6:57 Leather Archer Armor
7:04 Ballistics
6:50 Siphons
6:55 Clinker Construction
6:56 Careening
12:22 Arson
12:37 Squires
11:59 Long Swordsman
12:25 Gambesons
12:01 Pikeman
13:40 Husbandry
13:51 Bloodlines
13:02 Light Cavalry
14:17 Crossbowman
14:17 Elite Skirmisher
MaxOne
12:47 Iron Casting
12:28 Chain Mail Armor
12:08 Bodkin Arrow
12:29 Leather Archer Armor
12:35 Chain Barding Armor
12:37 Ballistics
12:08 Guard Tower
pickpanth
༺Skipp༻
12:50 Bloodlines
16:51 Chain Mail Armor
17:11 Iron Casting
16:41 Husbandry
17:10 Chain Barding Armor
17:29 Iron Casting
17:09 Chain Mail Armor
16:51 Bodkin Arrow
17:12 Leather Archer Armor
THE REAL SLIM SHADY
Connection lost

Rejoining the realm…

Still unreachable

The connection could not be restored.

Session expired

The server has moved on; the page needs a fresh start.